 Dungeon Crawl Stone Soup version 0.28.0-1-gb440e238dd (webtiles) character file.

Game seed: 9604011369436321143

2256 Bamboolord the Zephyrmancer (level 9, -1/45 HPs)
             Began as a Tengu Air Elementalist on Feb 23, 2022.
             Was a Believer of Vehumet.
             Slain by a yak (11 damage)
             ... on level 8 of the Dungeon on Feb 24, 2022.
             The game lasted 00:28:14 (9761 turns).

Bamboolord the Zephyrmancer (TeAE)                  Turns: 9761, Time: 00:28:18

Health: -1/45      AC:  4    Str:  9    XL:     9   Next: 37%
Magic:  8/20       EV: 16    Int: 26    God:    Vehumet [**....]
Gold:   337        SH:  0    Dex: 14    Spells: 5/21 levels left

rFire   + . .      SeeInvis .   (no weapon)
rCold   . . .      Faith    .   (no shield)
rNeg    . . .      Spirit   .   a - +0 robe
rPois   .          Reflect  .   (helmet restricted)
rElec   .          Harm     .   (no cloak)
rCorr   .          Rampage  .   f - +1 pair of gloves
Will    .....                   (boots unavailable)
Stlth   ++........              r - amulet of magic regeneration
HPRegen 0.15/turn               z - ring of protection from fire
MPRegen 0.57/turn               B - +6 ring of intelligence

@: flying quickly and evasively, quick
A: beak, talons 3, nimble flight
a: Renounce Religion


You were on level 8 of the Dungeon.
You worshipped Vehumet.
Vehumet was pleased with you.
You visited 2 branches of the dungeon, and saw 9 of its levels.
You also visited: Sewer.

You collected 337 gold pieces.

Inventory:

Armour
 a - a +0 robe (worn)
 f - a +1 pair of gloves (worn)
 A - a +0 buckler
Jewellery
 m - a +4 ring of evasion
 r - an amulet of magic regeneration (around neck)
 y - the amulet of Moral Flaws {Faith Rampage Str+3 Int+2}
   (You found it on level 6 of the Dungeon)

   [amulet of faith]

   It allows you to gain divine favour quickly.
   Str:       It affects your strength (+3).
   Int:       It affects your intelligence (+2).
   Rampage:   It bestows one free step when moving towards enemies.
 z - a ring of protection from fire (left hand)
 B - a +6 ring of intelligence (right hand)
Wands
 q - a wand of mindburst (15)
Scrolls
 b - 7 scrolls of teleportation
 c - 2 scrolls of vulnerability
 h - 2 scrolls of enchant weapon
 i - a scroll of amnesia
 j - a scroll of immolation
 o - 2 scrolls of fog
 x - a scroll of blinking
Potions
 d - 2 potions of curing
 e - 3 potions of flight {unknown}
 g - 2 potions of haste {unknown}
 k - 2 potions of cancellation {unknown}
 l - 4 potions of ambrosia {unknown}
 n - a potion of brilliance {unknown}
 p - 3 potions of lignification {unknown}
 s - 2 potions of degeneration {unknown}
 t - a potion of berserk rage {unknown}
 u - a potion of attraction {unknown}
 v - a potion of heal wounds {unknown}


   Skills:
 * Level 5.0 Dodging
 + Level 2.8 Stealth
 * Level 6.7 Spellcasting
 * Level 6.8 Conjurations
 * Level 10.1 Air Magic


You had 5 spell levels left.
You knew the following spells:

 Your Spells              Type           Power      Damage    Failure   Level
a - Shock                 Conj/Air       100%       1d9       1%          1
b - Static Discharge      Conj/Air       52%        N/A       1%          2
c - Swiftness             Air            57%        N/A       1%          3
d - Mephitic Cloud        Conj/Pois/Air  38%        N/A       1%          3
e - Airstrike             Air            28%        N/A       1%          4
f - Magic Dart            Conj           100%       1d8       1%          1
g - Poisonous Vapours     Pois/Air       70%        N/A       1%          2

Your spell library contained the following spells:

 Spells                   Type           Power      Damage    Failure   Level
 Slow                     Hex            32%        N/A       6%          1
 Call Imp                 Summ           8%         N/A       10%         2
 Ensorcelled Hibernation  Hex/Ice        16%        N/A       10%         2
 Passwall                 Tmut/Erth      6%         N/A       10%         2
 Confusing Touch          Hex            8%         N/A       19%         3
 Tukima's Dance           Hex            8%         N/A       19%         3
 Vampiric Draining        Necr           8%         2d6       19%         3
 Anguish                  Hex/Necr       4%         N/A       54%         4
 Animate Armour           Summ/Erth      16%        N/A       54%         4
 Blade Hands              Tmut           4%         N/A       87%         5
 Iron Shot                Conj/Erth      13%        9d3       94%         6
 Enfeeble                 Hex            4%         N/A       100%        7


Dungeon Overview and Level Annotations

Branches:
Dungeon (8/15)             Temple (1/1) D:7           Sewer (visited)
   Lair: D:8-11

Altars:
Ashenzari
Cheibriados
Dithmenos
Elyvilon
Gozag
Hepliaklqana
Makhleb
Nemelex Xobeh
Okawaru
Ru
Sif Muna
Trog
Vehumet
Zin
The Shining One

Shops:
D:5 ?

Portals:
Bailey: D:8

Annotations:
D:6 3 runed translucent doors, themadprophet's ghost, amateur DsAK


Innate Abilities, Weirdness & Mutations

You have a beak for a mouth.
You have claws for feet.
Your magical nature lets you fly swiftly and evasively.


Message History

The yak is almost dead.
The yak is struck by an arc of lightning.
The yak is almost dead.
The yak is struck by an arc of lightning.
You kill the yak!
Vehumet accepts your kill.
The lightning grounds out.
Your Dodging skill increases to level 5!
Your Air Magic skill increases to level 10!
Casting: Static Discharge (safe; 1% risk of failure)
Confirm with . or Enter, or press ? or * to list all spells.
The yak is struck by an arc of lightning!
The yak is moderately wounded.
You are struck by an arc of lightning.
The lightning grounds out.
The yak misses you.
Unknown command.
Casting: Static Discharge (safe; 1% risk of failure)
Confirm with . or Enter, or press ? or * to list all spells.
The yak is struck by an arc of lightning.
The yak is moderately wounded.
The yak is struck by an arc of lightning!
The yak is moderately wounded.
The yak is struck by an arc of lightning.
The yak is almost dead.
The lightning grounds out.
The yak closely misses you.
Casting: Static Discharge (safe; 1% risk of failure)
Confirm with . or Enter, or press ? or * to list all spells.
The yak is struck by an arc of lightning!
The yak is severely wounded.
You are struck by an arc of lightning.
The lightning grounds out.
The yak gores you!
* * * LOW HITPOINT WARNING * * *
Casting: Static Discharge (safe; 1% risk of failure)
Confirm with . or Enter, or press ? or * to list all spells.
The yak is struck by an arc of lightning.
The yak is almost dead.
The yak is struck by an arc of lightning.
The yak is heavily wounded.
The lightning grounds out.
The yak gores you!
You die...

*,* ****,* #........,,,, *,*
*,,,,* #....8...,,8, *,*
*,,,***#######Y#,,,..8,,,,
*,****,,**#,........#*,.#******
*,*,,,,,###.#######.##.####
*,,,,,,,..$..######.......#*
***,**,***#....Y....#####.D*
*,**,* #.###Y#.### **,* *,**,*
*.##@###.## **,** *,*#,* #...##
##.# *,,,* #.*#.* ####.###.##
****+**** #.*#.* *#.#.##
**,*,,,*,* #.##.#* *#.##
*_,+,8,+,_ #.#...## #.#
**,*,,,*,* #...#..# #.#
****+****
#..###.#######.#######*,,,*
#...#.<.............).**_****


You could see 2 yaks.

Vanquished Creatures
  2 yaks (D:8)
  A water moccasin (D:5)
  An ogre (D:5)
  2 centaurs
  7 kobold brigands
  A gnoll sergeant (D:7)
  5 killer bees (D:8)
  A howler monkey (D:6)
  A crimson imp (D:5)
  A bullfrog zombie (D:6)
  4 hounds
  4 orc priests
  2 centaur skeletons
  A gnoll shaman (D:5)
  An orc wizard (D:6)
  A mummy (D:4)
  A howler monkey zombie (D:5)
  3 river rats
  9 adders
  7 gnolls
  A shadow imp (D:8)
  2 white imps
  An ufetubus (D:6)
  5 worms
  4 dart slugs
  19 orcs
  10 ball pythons
  7 endoplasms
  7 giant cockroaches
  5 goblins
  9 hobgoblins
  24 kobolds
  A quokka (D:4)
  3 bats (D:2)
  3 frilled lizards
  2 hobgoblin zombies (D:4)
  2 kobold zombies (D:4)
  8 rats
168 creatures vanquished.

Vanquished Creatures (others)
  A plant (D:5)
1 creature vanquished.

Grand Total: 169 creatures vanquished

Notes
Turn   | Place    | Note
-------+----------+-------------------------------------------
     0 | D:1      | Bamboolord the Tengu Air Elementalist began the quest for
                  | the Orb.
     0 | D:1      | Reached XP level 1. HP: 10/10 MP: 4/4
   122 | D:1      | Found a faded altar of an unknown god.
   318 | D:1      | Reached XP level 2. HP: 15/15 MP: 0/6
   517 | D:1      | Learned a level 2 spell: Static Discharge
   897 | D:2      | Found a sparkling altar of Nemelex Xobeh.
   979 | D:2      | Reached XP level 3. HP: 19/19 MP: 3/7
  2019 | D:2      | Learned a level 3 spell: Swiftness
  2262 | D:3      | Reached skill level 5 in Air Magic
  2262 | D:3      | Reached XP level 4. HP: 20/24 MP: 0/9
  2503 | D:3      | Found a sacrificial altar of Ru.
  2896 | D:3      | Learned a level 3 spell: Mephitic Cloud
  3405 | D:3      | Gained mutation: Your magical nature lets you fly swiftly
                  | and evasively. [Tengu growth]
  3405 | D:3      | Reached XP level 5. HP: 10/28 MP: 1/10
  4806 | D:4      | Found an opulent altar of Gozag.
  5025 | D:5      | Entered Level 5 of the Dungeon
  5087 | D:5      | Reached XP level 6. HP: 32/32 MP: 0/12
  5158 | D:5      | Reached skill level 6 in Air Magic
  5459 | D:5      | Found a radiant altar of Vehumet.
  5479 | D:5      | Became a worshipper of Vehumet
  5735 | D:5      | Reached XP level 7. HP: 6/36 MP: 6/14
  5741 | D:5      | Learned a level 4 spell: Airstrike
  6082 | D:5      | Found a burning altar of Makhleb.
  6131 | D:5      | Found a faded altar of an unknown god.
  6131 | D:5      | Found a faded altar of an unknown god.
  6140 | D:5      | Found a hazy altar of Hepliaklqana.
  6181 | D:5      | Found a glowing silver altar of Zin.
  6199 | D:5      | Found Mystith's Magic Scroll Emporium.
  6236 | D:5      | Reached skill level 7 in Air Magic
  6641 | D:6      | Found a glowing drain.
  6730 | Sewer    | Entered a sewer
  7000 | Sewer    | Reached skill level 5 in Conjurations
  7087 | Sewer    | Reached * piety under Vehumet
  7087 | Sewer    | Offered knowledge of Foxfire by Vehumet.
  7099 | Sewer    | Learned a level 1 spell: Magic Dart
  7111 | Sewer    | Reached XP level 8. HP: 30/41 MP: 7/16
  7328 | Sewer    | Reached skill level 5 in Spellcasting
  7328 | Sewer    | Reached skill level 8 in Air Magic
  7814 | D:6      | Noticed themadprophet's ghost (amateur DsAK)
  7818 | D:6      | Found a runed translucent gate.
  7818 | D:6      | Found a runed translucent gate.
  7818 | D:6      | Found a runed translucent gate.
  7818 | D:6      | Noticed a troll
  7931 | D:6      | Identified the amulet of Moral Flaws {Faith Rampage Str+3
                  | Int+2}
  8309 | D:7      | Reached ** piety under Vehumet
  8310 | D:7      | Offered knowledge of Poisonous Vapours by Vehumet.
  8328 | D:7      | Learned a level 2 spell: Poisonous Vapours
  8841 | D:7      | Found a staircase to the Ecumenical Temple.
  8862 | Temple   | Entered the Ecumenical Temple
  9073 | D:7      | Reached skill level 9 in Air Magic
  9085 | D:7      | Reached XP level 9. HP: 41/45 MP: 2/19
  9472 | D:8      | Noticed a boulder beetle
  9558 | D:8      | Found a flagged portal.
  9758 | D:8      | Reached skill level 5 in Dodging
  9758 | D:8      | Reached skill level 10 in Air Magic
  9761 | D:8      | Slain by a yak

Illustrated notes

Levels and vault maps discovered:
D:1:      evilmike_arrival_hilbert_curve, layout_loops_ring,
          shapermc_ecumenical_altar_notcrosses
D:2:      layout_basic, basic_altar
D:3:      layout_loops_corners, lemuel_coloured_pillars_altar, eino_tiny_chamber
D:4:      layout_layer_cave, nicolae_overflow_hidden_temple, minmay_mini_ossuary
D:5:      layout_rooms, nicolae_hepliaklqana_ecumenical_no_more,
          mainiacjoe_overflow_cross_hatched, nicolae_vehumet_altar_sigil,
          makhleb_grotto_becter, serial_shops, nicolae_shop_statue_plus
D:6:      layout_loops_cross, gup_sewer_entry_spiral, gammafunk_ghost_split
D:7:      layout_gridville, minmay_temple_entry_stoned_glass
D:8:      layout_loops_ring, mainiacjoe_overflow_surrounded_room,
          grunt_temple_overflow_diamond, enter_bailey_6, serial_shops,
          nicolae_shop_trees, corexii_checkpoint_a, chequers_decorated_corner
Temple:   nicolae_temple_figure_zero

Skill      XL: |  1  2  3  4  5  6  7  8  9 |
---------------+----------------------------+-----
Conjurations   | 2 3 4 5 6 |  6.8
Air Magic      | 5 6 7 9 10 | 10.1
Spellcasting   | 3 4 6 |  6.7
Dodging        | 3 4 5 |  5.0
Stealth        | |  2.8

Action                   |  1- 3 |  4- 6 |  7- 9 || total
-------------------------+-------+-------+-------++-------
Melee: Unarmed           |     7 |    11 |     4 ||    22
       Kick              |     3 |     5 |     2 ||    10
       Peck              |       |     2 |       ||     2
 Cast: Shock             |    71 |   136 |   111 ||   318
       Static Discharge  |     3 |    22 |    58 ||    83
       Mephitic Cloud    |       |     2 |       ||     2
       Airstrike         |       |       |    25 ||    25
       Swiftness         |       |       |     1 ||     1
  Use: Scroll            |     6 |       |     5 ||    11
       Potion            |       |       |     2 ||     2
 Stab: Sleeping          |       |     1 |       ||     1
Armor: Robe              |     4 |    10 |     5 ||    19
Dodge: Dodged            |    10 |    32 |    56 ||    98
